 Dungeon Crawl Stone Soup version 0.18-a0-824-g47fe746 (webtiles) character file.

509 tof the Covered (level 6, -14/55 HPs)
             Began as a Minotaur Monk on Dec 17, 2015.
             Was an Initiate of Ru.
             Demolished by Menkaure (18 damage)
             ... on level 5 of the Dungeon.
             The game lasted 00:24:20 (4392 turns).

tof the Covered (Minotaur Monk)                     Turns: 4392, Time: 00:24:20

Health: -14/55     AC:  7    Str: 16    XL:     6   Next: 98%
Magic:  5/5        EV: 12    Int:  7    God:    Ru [......]
Gold:   191        SH:  0    Dex: 14    Spells: 0 memorised, 5 levels left

rFire  . . .     SeeInvis .     h - +0 battleaxe
rCold  . . .     Gourm    .     k - +0 scale mail
rNeg   . . .     Faith    +     (shield currently unavailable)
rPois  .         Spirit   .     (helmet restricted)
rElec  .         Dismiss  .     (no cloak)
rCorr  .         Reflect  .     (no gloves)
SustAt .         Harm     .     (no boots)
MR     .....                    e - amulet of faith
Stlth  ..........               (no ring)
                                (no ring)

@: very slightly contaminated, invisible, not resistant to hostile enchantments,
extremely unstealthy
A: retaliatory headbutt, horns 2, no stealth
a: Renounce Religion


You were on level 5 of the Dungeon.
You worshipped Ru.
Ru was noncommittal.
You were not hungry.

You visited 2 branches of the dungeon, and saw 6 of its levels.

You collected 191 gold pieces.

Inventory:

Hand Weapons
 d - a +0 hand axe
 h - a +0 battleaxe (weapon)
 r - a +1 flail of protection
Armour
 a - a +0 robe
 k - a +0 scale mail (worn)
Jewellery
 e - an amulet of faith (around neck)
Scrolls
 i - 2 scrolls of amnesia
 j - 2 scrolls of remove curse {unknown}
 l - 3 scrolls of teleportation {unknown}
 n - 2 scrolls of identify
 o - a scroll of noise {unknown}
 s - a scroll of recharging {unknown}
 t - a scroll of magic mapping {unknown}
 x - a scroll of fog {unknown}
Potions
 f - a potion of brilliance {unknown}
 m - 2 potions of haste {unknown}
 q - 2 potions of degeneration {unknown}
 w - a potion of flight {unknown}
Books
 v - a book of Minor Magic

   Spells                             Type                      Level
   a - Magic Dart                     Conjuration                  1
   b - Blink                          Translocation                2
   c - Call Imp                       Summoning                    2
   d - Repel Missiles                 Charms/Air                   2
   e - Slow                           Hexes                        2
   f - Conjure Flame                  Conjuration/Fire             3
   g - Mephitic Cloud                 Conjuration/Poison/Air       3
Comestibles
 b - 2 bread rations
 g - 3 meat rations
 u - 4 fruits
 z - a chunk of flesh


   Skills:
 + Level 4.9 Fighting
 * Level 3.1 Axes
 * Level 5.3 Armour
 + Level 5.1 Dodging
 - Level 4.7 Unarmed Combat


You had 5 spell levels left.
You didn't know any spells.

Dungeon Overview and Level Annotations

Branches:
Dungeon (5/15)             Temple (1/1) D:4

Altars:
Ashenzari
Dithmenos
Gozag
Nemelex Xobeh
Okawaru
Ru
Vehumet
Xom

Annotations:
D:5 Menkaure


Innate Abilities, Weirdness & Mutations

You reflexively headbutt those who attack you in melee.
You have a pair of horns on your head.
You cannot be stealthy.


Message History

The worker ant bites you but does no damage.
You are too injured to fight recklessly!
Read which item? (? for menu, Esc to quit)
Okay, then.
You don't know any spells.
Drink which item? (? for menu, Esc to quit)
Okay, then.
Okay, then.
Drink which item? (? for menu, Esc to quit)
You feel better. The worker ant barely misses you. You furiously retaliate!
You headbutt the worker ant. Menkaure hits you!
* * * LOW HITPOINT WARNING * * *
Drink which item? (? for menu, Esc to quit)
You fade into invisibility!
Menkaure barely misses you. The worker ant barely misses you.
You are very lightly contaminated with residual magic.
Menkaure hits you.
* * * LOW HITPOINT WARNING * * *
The worker ant closely misses you. Menkaure hits you!!
You die...

#####..#...
#######......'... #....
#......#... #...
#......#... #..#
#.###.##...
########..####.###)#....
#..........#.......#....
#.......a..#.......#....
#......@M..#.......#....
#..........'.......#
#.........##..###.##
...<.##...##..# #.#
..... #...##..# ..+ ....
#...[.#..# ..# ...
#.....#..# .# #..
##<...#..# #..#


You could see Menkaure and a worker ant.

Vanquished Creatures
  Edmund (D:4)
  A sky beast (D:5)
  2 scorpions (D:4)
  A worker ant (D:3)
  8 adders
  3 gnolls (D:2)
  A shadow imp (D:5)
  2 worms (D:2)
  2 giant geckos
  An orc (D:5)
  A ball python (D:1)
  7 bats
  4 giant cockroaches
  7 goblins
  4 hobgoblins
  3 quokkas (D:3)
  A ball python skeleton (D:4)
  3 giant newts (D:1)
  4 kobolds
  38 rats
94 creatures vanquished.

Notes
Turn   | Place    | Note
--------------------------------------------------------------
     0 | D:1      | tof the Minotaur Monk began the quest for the Orb.
     0 | D:1      | Reached XP level 1. HP: 19/19 MP: 0/0
   226 | D:1      | Reached XP level 2. HP: 27/27 MP: 1/1
   781 | D:2      | Reached XP level 3. HP: 19/33 MP: 2/2
   787 | D:2      | Reached skill level 1 in Armour
  1073 | D:2      | Reached skill level 1 in Axes
  1138 | D:2      | Reached XP level 4. HP: 40/40 MP: 3/3
  1918 | D:3      | Reached XP level 5. HP: 25/47 MP: 4/4
  2813 | D:4      | Found a sparkling altar of Nemelex Xobeh.
  2827 | D:4      | Found a shadowy altar of Dithmenos.
  2857 | D:4      | Reached XP level 6. HP: 33/53 MP: 5/5
  3003 | D:4      | Noticed Edmund
  3036 | D:4      | Killed Edmund
  3036 | D:4      | Reached skill level 5 in Dodging
  3248 | D:4      | Found a staircase to the Ecumenical Temple.
  3380 | Temple   | Entered the Ecumenical Temple
  3541 | Temple   | Became a worshipper of Ru the Awakened
  3567 | D:4      | Gained mutation: You cannot be stealthy. [Ru sacrifice]
  4011 | D:5      | Entered Level 5 of the Dungeon
  4109 | D:5      | Reached skill level 5 in Armour
  4381 | D:5      | Noticed Menkaure
  4392 | D:5      | Demolished by Menkaure

Vault maps used:
D:1:      mrwooster_arrival_statue_3
D:2:      minmay_rats_cheesy_pizza
D:3:      first_bread, small_statue_intersection
D:4:      nemelex_xobeh_ov_fountains_minmay, old_standard_altar,
          minmay_temple_entry_junction2, uniq_edmund
D:5:      tgw_fedhas, uniq_menkaure
Temple:   circular_temple_6

Action                   |  1- 3 |  4- 6 || total
-------------------------+-------+-------++-------
Melee: Hand axe          |    96 |   127 ||   223
       Battleaxe         |       |    23 ||    23
       Flail             |       |    10 ||    10
Invok: Sacrifice Stealth |       |     1 ||     1
  Use: Potion            |     2 |     2 ||     4
       Scroll            |     2 |     1 ||     3
  Eat: Chunk             |     1 |     4 ||     5
       Bread ration      |       |     1 ||     1
       Pizza             |       |     1 ||     1
